 Dungeon Crawl Stone Soup version 0.28.0 (webtiles) character file.

Game seed: 5415626489738717615

16 Dorkslayer the Skirmisher (level 2, -1/24 HPs)
             Began as a Human Fighter on July 18, 2022.
             Slain by a kobold (3 damage)
             ... on level 1 of the Dungeon.
             The game lasted 00:00:40 (220 turns).

Dorkslayer the Skirmisher (Human Fighter)            Turns: 220, Time: 00:00:40

Health: -1/24      AC:  6    Str: 16    XL:     2   Next: 70%
Magic:  2/2        EV:  8    Int:  8    God:
Gold:   0          SH:  4    Dex: 12    Spells: 1/1 levels left

rFire   . . .      SeeInvis .   a - +0 long sword
rCold   . . .      Faith    .   c - +0 buckler
rNeg    . . .      Spirit   .   b - +0 scale mail
rPois   .          Reflect  .   (no helmet)
rElec   .          Harm     .   (no cloak)
rCorr   .          Rampage  .   (no gloves)
Will    .....                   (no boots)
Stlth   ..........              (no amulet)
HPRegen 0.08/turn               (no ring)
MPRegen 0.08/turn               (no ring)

@: no status effects
A: no striking features
a: no special abilities


You were on level 1 of the Dungeon.
You visited 1 branch of the dungeon, and saw 1 of its levels.

Inventory:

Hand Weapons
 a - a +0 long sword (weapon)
Armour
 b - a +0 scale mail (worn)
 c - a +0 buckler (worn)
Scrolls
 e - a scroll of immolation {unknown}
Potions
 d - a potion of might


   Skills:
 + Level 3.3 Fighting
 + Level 2.1 Long Blades
 + Level 3.2 Armour
 + Level 3.1 Shields


You had one spell level left.
You didn't know any spells.
Your spell library was empty.

Dungeon Overview and Level Annotations

Branches:
Dungeon (1/15)

Altars:


Message History

The kobold shouts!
Things that are here:
a +0 short sword; 5 stones; a kobold corpse
Found a stone staircase leading down.
A hobgoblin comes into view.
The kobold throws a stone.
The stone completely misses you.
The hobgoblin shouts!
The kobold throws a stone.
The stone hits you but does no damage.
A kobold comes into view. It is wielding a +0 dagger.
The kobold throws a stone.
You block the stone. You block the hobgoblin's attack.
The kobold hits you with a +0 dagger of electrocution.
The kobold shouts!
You hit the kobold but do no damage. You block the hobgoblin's attack.
The kobold hits you but does no damage. The hobgoblin hits you.
You barely miss the kobold.
The kobold hits you with a +0 dagger of electrocution.
The hobgoblin closely misses you. The kobold completely misses you.
You closely miss the kobold. The kobold hits you but does no damage.
The hobgoblin barely misses you. The kobold hits you but does no damage.
You barely miss the kobold. The kobold closely misses you.
The hobgoblin closely misses you. The kobold barely misses you.
The kobold hits you but does no damage. The kobold hits you but does no damage.
The kobold barely misses you.
The hobgoblin hits you but does no damage.
You see here a bat corpse.
You hit the hobgoblin.
You kill the hobgoblin!
You block the kobold's attack.
You see here a scroll labelled LOPAES IKLECAU.
You closely miss the kobold. The kobold hits you but does no damage.
You closely miss the kobold.
The kobold hits you with a +0 dagger of electrocution.
You are electrocuted!
Ouch! That really hurt!
* * * LOW HITPOINT WARNING * * *
You closely miss the kobold. The kobold closely misses you.
The kobold hits you with a +0 dagger of electrocution.
You die...

####.## ##.#.## ##.###.##
. ### ##.## ##.#.## .# #
### ##.## #.# ### #.# #. #
#
##########################
........)..KK@†..........#
##
.........#..############.#
#. ####....##...# #.# ##.
#.......#..# ##)###..
#.....####.# #...#..#
#....#....... #...†.##
#....#........ #...###
................ #...#
###>...#......... #...#


You could see 2 kobolds.

Vanquished Creatures
  An endoplasm (D:1)
  A goblin (D:1)
  2 hobgoblins (D:1)
  4 jackals (D:1)
  A ball python (D:1)
  A bat (D:1)
  A frilled lizard (D:1)
  2 kobolds (D:1)
  2 rats (D:1)
15 creatures vanquished.

Notes
Turn   | Place    | Note
-------+----------+-------------------------------------------
     0 | D:1      | Dorkslayer the Human Fighter began the quest for the Orb.
     0 | D:1      | Reached XP level 1. HP: 18/18 MP: 1/1
    51 | D:1      | Reached XP level 2. HP: 24/24 MP: 2/2
   220 | D:1      | Slain by a kobold

Illustrated notes

Levels and vault maps discovered:
D:1:      nagdon_arrival_zigzag_paths, layout_rooms,
          ebering_ecumenical_altar_hall, grunt_decor_junction

Action                   || total
-------------------------++-------
Melee: Long sword        ||    34
Armor: Scale mail        ||    19
Dodge: Dodged            ||    19
Block: Buckler           ||     9
